 Dungeon Crawl Stone Soup version 0.18-a0-1041-gbe91bf5 (webtiles) character file.

51194 M4edhros the Covert (level 14, -12/92 HPs)
             Began as an Octopode Artificer on Jan 11, 2016.
             Was the Champion of Okawaru.
             Splashed with acid (13 damage)
             ... on level 8 of the Lair of Beasts.
             The game lasted 01:12:16 (23225 turns).

M4edhros the Covert (Octopode Artificer)           Turns: 23225, Time: 01:12:16

Health: -12/92     AC:  6    Str: 11    XL:     14   Next: 58%
Magic:  32/32      EV:  2    Int: 22    God:    Okawaru [******]
Gold:   2455       SH:  0    Dex: 16    Spells: 3 memorised, 2 levels left

rFire  + . .     SeeInvis .     F - +0 blowgun
rCold  + . .     Gourm    .     a - +1 buckler {AC+3}
rNeg   + + +     Faith    .     h - +2 hat {MR+}
rPois  ∞         Spirit   .     D - amulet of regeneration
rElec  .         Dismiss  .     i - +4 ring of dexterity
rCorr  .         Reflect  .     R - +3 ring of intelligence
SustAt .         Harm     .     C - ring of protection from cold
MR     +++..                    V - ring of protection from fire
Stlth  ++++++++..               c - ring of magical power
                                k - ring of poison resistance
                                Z - ring of protection from magic
                                (no ring)

@: petrified, extremely resistant to hostile enchantments, extraordinarily
stealthy
A: almost no armour, amphibious, 8 rings, constrict 8, camouflage 1, gelatinous
body 1
a: Heroism, Finesse, Renounce Religion


You were on level 8 of the Lair of Beasts.
You worshipped Okawaru.
Okawaru was exalted by your worship.
You were very hungry.

You visited 3 branches of the dungeon, and saw 22 of its levels.
You also visited: Trove, Sewer and Ossuary.

You collected 2605 gold pieces.
You spent 150 gold pieces at shops.

Inventory:

Hand Weapons
 y - the +2 spear "Oklurix" {pierce, rElec MR+ SInv}
   (You found it on level 6 of the Dungeon)

   It inflicts extra damage upon your enemies.
   It insulates you from electricity.
   It affects your resistance to hostile enchantments.
   It lets you see invisible.
 F - a +0 blowgun (weapon)
 I - the +3 war axe "Oniom" {chop, rF- rN+ MP+9 Dex+9}
   (You found it on level 8 of the Dungeon)

   It inflicts extra damage upon your enemies.
   It affects your dexterity (+9).
   It makes you vulnerable to fire.
   It protects you from negative energy.
   It affects your magic capacity (+9).
 T - a +1 greatsling of flaming
 U - the +2 spear "Avosuled" {venom, Int+8}
   (You found it on level 8 of the Dungeon)

   It poisons the flesh of those it strikes.
   It affects your intelligence (+8).
Missiles
 g - 28 exploding sling bullets
 n - 369 stones
 o - 97 sling bullets
 J - 5 poisoned sling bullets
 M - 6 steel tomahawks
 Q - 38 poisoned needles (quivered)
Armour
 a - a +1 buckler of protection (worn)
 h - a +2 hat of magic resistance (worn)
Jewellery
 c - a ring of magical power (on tentacle)
 i - a +4 ring of dexterity (left tentacle)
 k - a ring of poison resistance (on tentacle)
 z - an uncursed amulet of the gourmand
 C - a ring of protection from cold (on tentacle)
 D - an amulet of regeneration (around mantle)
 R - a +3 ring of intelligence (right tentacle)
 V - a ring of protection from fire (on tentacle)
 Z - a ring of protection from magic (on tentacle)
Wands
 j - a wand of fire (2/15)
 l - a wand of confusion (12/48)
 w - a wand of draining (7/15)
 x - a wand of slowing (9/48)
 L - a wand of confusion (23/48)
 S - a wand of enslavement (6/24)
Scrolls
 e - 3 scrolls of blinking
 p - 2 scrolls of teleportation
 s - 5 scrolls of identify
 v - 6 scrolls of fog
 H - 3 scrolls of fear
 X - 2 scrolls of magic mapping
Potions
 b - 2 potions of invisibility
 t - 6 potions of might
 E - a potion of resistance
 K - 2 potions of agility
 N - a potion of haste
 O - 2 potions of curing
 W - a potion of magic
Miscellaneous
 B - a sack of spiders {used: 1}
 G - a box of beasts
 P - a disc of storms
Comestibles
 f - 17 bread rations
 m - 3 beef jerkies
 q - 14 meat rations
 r - 18 royal jellies
 u - 20 fruits


   Skills:
 + Level 7.3 Fighting
   Level 1.0 Short Blades
 * Level 10.2 Slings
 * Level 12.4 Dodging
 + Level 13.8 Stealth
 * Level 10.2 Shields
 + Level 0.8 Charms
 * Level 12.5 Evocations


You had 2 spell levels left.
You knew the following spells:

 Your Spells              Type           Power        Failure   Level  Hunger
a - Regeneration          Chrm/Necr      #.........   52%         3    ####...
b - Shroud of Golubria    Chrm/Tloc      #.........   24%         2    ###....
c - Deflect Missiles      Chrm/Air       #.........   100%        6    #######


Dungeon Overview and Level Annotations

Branches:
Dungeon (13/15)            Temple (1/1) D:7            Lair (8/8) D:11
  Swamp (0/4) Lair:3        Snake (0/4) Lair:5        Slime (0/6) Lair:8
    Orc (0/2) D:10
 Vaults: D:13-14

Altars:
Ashenzari
Cheibriados
Dithmenos
Gozag
Kikubaaqudgha
Makhleb
Nemelex Xobeh
Okawaru
Pakellas
Qazlal
Ru
Sif Muna
Trog
Vehumet
Xom
Yredelemnul
Zin
The Shining One
Jiyva

Shops:
D:10 !

Annotations:
Lair:7 Snorg


Innate Abilities, Weirdness & Mutations

You cannot wear most types of armour.
You are amphibious.
You can wear up to eight rings at the same time.
You can use your tentacles to constrict eight enemies at once.
Your skin changes colour to match your surroundings (Stealth).
Your rubbery body absorbs attacks (AC +1).


Message History

As you read the scroll of teleportation, it crumbles to dust.
You feel strangely unstable.
You are engulfed in calcifying dust.
The catoblepas gores you!!
* * * LOW HITPOINT WARNING * * *
The catoblepas gores you!!
* * * LOW HITPOINT WARNING * * *
Your limbs are stiffening.
Unknown command.
Unknown command.
Unknown command.
The catoblepas breathes a plume of calcifying dust at you.
The blast of calcifying dust hits you!
* * * LOW HITPOINT WARNING * * *
You have turned to stone.
You are engulfed in calcifying dust.
The catoblepas gores you!
* * * LOW HITPOINT WARNING * * *
You are engulfed in calcifying dust.
Your surroundings suddenly seem different.
The walls burn you!
You die...

#.... ### ##... #######.# #....
##.##.#..## #.... ### #...P.PPP.#
#.... ##P# ##.........## ##....
#P.## #P..######..#### #.#...
###...####†.########....####.....
P..#....PPP.# #.@.##.P...........
P.PP.....P..# #.>.##†............
..P.........# #_..##.............
............###.####.............
........)....##'###........?.....
..<..............................
.................................
.................P...............
.................P...............


There were no monsters in sight!

Vanquished Creatures
  Nessos (Lair:5)
  Erolcha (D:9)
  9 hydras
  2 catoblepae
  2 death yaks (Lair:8)
  Urug (Lair:1)
  A hill giant (D:12)
  2 ugly things (D:11)
  2 manticores (D:12)
  7 elephants (Lair:8)
  7 black mambas
  11 spiny frogs
  5 komodo dragons
  2 kobold demonologists (D:11)
  2 queen bees
  A troll (D:9)
  A two-headed ogre (D:11)
  3 giant leeches (Lair:3)
  Prince Ribbit (D:8)
  5 blink frogs
  Eustachio (D:4)
  A vampire (D:11)
  5 basilisks
  A hill giant zombie (D:10)
  A sky beast (D:7)
  42 yaks
  9 hippogriffs
  A hungry ghost (D:10)
  A mottled dragon (D:11)
  2 nagas (Lair:5)
  2 swamp worms (Lair:3)
  23 wolves
  Edmund (D:4)
  7 water moccasins
  8 porcupines
  6 black bears
  A wasp (D:7)
  2 ice beasts
  7 orc warriors
  4 phantoms
  7 ogres
  2 centaurs
  A necrophage (D:8)
  16 crocodiles
  4 big kobolds
  15 giant frogs
  An elf zombie (Ossuary)
  A gnoll sergeant (D:12)
  3 scorpions
  A troll zombie (D:10)
  47 killer bees
  7 wights
  9 electric eels
  2 lava snakes (Lair:6)
  6 crimson imps
  A quasit (D:7)
  A wasp zombie (D:9)
  11 orc priests
  2 jellies
  3 hounds
  Crazy Yiuf (D:4)
  A giant frog skeleton (D:10)
  7 iguanas
  13 orc wizards
  A centaur skeleton (D:4)
  8 worker ants
  2 killer bee zombies
  A big kobold zombie (Ossuary)
  17 sheep
  6 ogre zombies (D:10)
  A hound zombie (Ossuary)
  A hound skeleton (D:5)
  4 mummies
  A worker ant zombie (D:7)
  Robin (D:3)
  10 gnolls
  56 river rats
  11 adders
  5 shadow imps
  An ooze (D:3)
  4 adder skeletons
  An adder zombie (Ossuary)
  2 worms
  3 giant geckos
  77 orcs
  9 bats
  8 giant cockroaches
  11 goblins
  13 hobgoblins
  17 jackals
  4 quokkas
  5 ball pythons
  A giant gecko skeleton (D:5)
  A giant gecko zombie (D:5)
  8 giant newts
  A gnoll zombie (Ossuary)
  A goblin skeleton (D:10)
  5 goblin zombies (D:10)
  3 hobgoblin zombies
  2 jackal zombies
  33 kobolds
  2 kobold zombies (Ossuary)
  4 orc skeletons (D:10)
  12 orc zombies (D:10)
  2 quokka skeletons
  9 rats
  3 rat zombies (Ossuary)
  4 fungi
  6 plants
730 creatures vanquished.

Vanquished Creatures (collateral kills)
  3 elephants (Lair:8)
  2 blink frogs (Lair:8)
  6 yaks (Lair:8)
  A hippogriff (Lair:8)
  3 orc warriors (D:10)
  3 wights (D:7)
  A crimson imp (D:7)
  An orc priest (D:9)
  A mummy (Ossuary)
  An adder (D:7)
  A giant gecko (D:7)
  7 orcs
  A jackal (D:7)
  A kobold (D:3)
  A fungus (Lair:8)
33 creatures vanquished.

Vanquished Creatures (others)
  A wizard (D:5)
  An orc wizard (D:3)
  4 sheep (Lair:6)
  3 orcs
  13 fungi
  11 plants
33 creatures vanquished.

Grand Total: 796 creatures vanquished

Notes
Turn   | Place    | Note
--------------------------------------------------------------
     0 | D:1      | M4edhros the Octopode Artificer began the quest for the Orb.
     0 | D:1      | Reached XP level 1. HP: 13/13 MP: 3/3
   326 | D:1      | Reached XP level 2. HP: 18/18 MP: 4/4
   554 | D:1      | Reached XP level 3. HP: 20/23 MP: 5/5
   700 | D:2      | Noticed Robin
  1265 | D:3      | Reached XP level 4. HP: 3/28 MP: 6/6
  1645 | D:3      | Reached skill level 4 in Stealth
  1914 | D:3      | Found an ancient bone altar of Kikubaaqudgha.
  1938 | D:4      | Noticed Edmund
  1971 | D:3      | Reached XP level 5. HP: 22/33 MP: 7/7
  1994 | D:3      | Reached skill level 5 in Stealth
  2167 | D:3      | Found a burning altar of Makhleb.
  2374 | D:4      | Noticed Eustachio
  2379 | D:4      | Reached XP level 6. HP: 16/38 MP: 9/9
  2381 | D:4      | Noticed a phantom
  2423 | D:4      | Killed Eustachio
  2423 | D:4      | Reached skill level 6 in Stealth
  2439 | D:5      | Entered Level 5 of the Dungeon
  2494 | D:4      | Killed a phantom
  2494 | D:4      | Reached XP level 7. HP: 26/43 MP: 10/10
  2535 | D:4      | Killed Edmund
  2535 | D:4      | Reached skill level 5 in Dodging
  2535 | D:4      | Reached skill level 7 in Stealth
  2793 | D:4      | Noticed Crazy Yiuf
  2799 | D:4      | Killed Crazy Yiuf
  2799 | D:4      | Reached skill level 5 in Evocations
  2890 | D:5      | Found a glowing drain.
  2906 | Sewer    | Entered a sewer
  2958 | Sewer    | Reached skill level 8 in Stealth
  3499 | D:5      | Reached XP level 8. HP: 22/48 MP: 11/11
  3718 | D:6      | Got an ichor-stained spear
  3719 | D:6      | Identified the cursed +2 spear "Oklurix" {pierce, rElec MR+ SInv} (You found it on level 6 of the Dungeon)
  3820 | D:6      | Reached skill level 9 in Stealth
  4788 | D:7      | Found a staircase to the Ecumenical Temple.
  4797 | Temple   | Entered the Ecumenical Temple
  4810 | Temple   | Became a worshipper of Xom of Chaos
  4838 | Temple   | Fell from the grace of Xom
  4838 | Temple   | Became a worshipper of Warmaster Okawaru
  4891 | D:7      | Reached skill level 10 in Stealth
  4915 | D:7      | Reached XP level 9. HP: 44/53 MP: 13/13
  5067 | D:7      | Found a sand-covered staircase.
  5076 | Ossuary  | Entered an ossuary
  5232 | Ossuary  | XOM: torment (25/53 hp)
  5254 | Ossuary  | XOM: mild Chrm miscast
  5450 | Ossuary  | XOM: mild Tloc miscast
  5478 | Ossuary  | Reached * piety under Okawaru
  6145 | D:2      | XOM: medium Air miscast
  6415 | D:3      | Reached skill level 1 in Shields
  6659 | D:3      | Killed Robin
  7130 | D:5      | Reached skill level 1 in Slings
  7408 | D:5      | XOM: mild Fire miscast
  7428 | D:5      | Found a bloodstained altar of Trog.
  7461 | D:5      | Found a glowing silver altar of Zin.
  7461 | D:5      | Found an opulent altar of Gozag.
  7720 | D:5      | Noticed a wizard
  7725 | D:5      | Killed a wizard
  7826 | D:5      | Reached skill level 11 in Stealth
  7854 | D:5      | XOM: mild Erth miscast
  7949 | D:7      | Reached ** piety under Okawaru
  8318 | D:7      | Reached XP level 10. HP: 51/61 MP: 15/15
  8333 | D:7      | XOM: mild Hex miscast
  8431 | D:7      | Paralysed by a wasp for 1 turns
  8732 | D:8      | Noticed Prince Ribbit
  8750 | D:8      | Killed Prince Ribbit
  8755 | D:8      | Found a basalt altar of Yredelemnul.
  8870 | D:8      | XOM: medium Erth miscast
  8971 | D:8      | Got a shimmering spear
  8972 | D:8      | Identified the +2 spear "Avosuled" {venom, Int+8} (You found it on level 8 of the Dungeon)
  9176 | D:8      | XOM: mild Divn miscast
  9222 | D:8      | Reached *** piety under Okawaru
  9547 | D:8      | Got a smoking war axe
  9548 | D:8      | Identified the +3 war axe "Oniom" {chop, rF- rN+ MP+9 Dex+9} (You found it on level 8 of the Dungeon)
  9824 | D:9      | XOM: medium Conj miscast
  9859 | D:9      | XOM: noise
 10069 | D:9      | Noticed Erolcha
 10105 | D:9      | Killed Erolcha
 10107 | D:9      | Reached **** piety under Okawaru
 10137 | D:9      | Found a deep blue altar of Sif Muna.
 10494 | D:10     | XOM: noise
 10494 | D:10     | Entered Level 10 of the Dungeon
 10581 | D:10     | Found a staircase to the Orcish Mines.
 10589 | D:10     | Reached XP level 11. HP: 49/68 MP: 17/17
 10593 | D:10     | Reached skill level 5 in Slings
 10601 | D:10     | Reached skill level 5 in Shields
 10687 | D:10     | XOM: enchant monster (bad)
 10747 | D:10     | XOM: noise
 10793 | D:10     | Found Ujiw's Distillery.
 10796 | D:10     | Bought a potion of poison for 15 gold pieces
 10796 | D:10     | Bought a potion of invisibility for 120 gold pieces
 10796 | D:10     | Bought a potion of degeneration for 15 gold pieces
 10814 | D:10     | XOM: mild Ice miscast
 10986 | D:10     | Reached ***** piety under Okawaru
 11091 | D:10     | Found a portal to a secret trove of treasure.
 11265 | D:10     | XOM: mild Pois miscast
 11302 | D:10     | XOM: medium Air miscast
 11428 | D:11     | Reached skill level 12 in Stealth
 11515 | D:11     | Noticed a red ugly thing
 11531 | D:11     | Killed a red ugly thing
 11726 | D:11     | Noticed a cyan ugly thing
 11761 | D:11     | Killed a cyan ugly thing
 11761 | D:11     | Received a gift from Okawaru
 11765 | D:11     | Found a staircase to the Lair.
 11855 | D:11     | XOM: god gift: 17 arrows of frost
 11941 | D:11     | XOM: summons friendly ufetubus
 12061 | D:11     | Received a gift from Okawaru
 12061 | D:11     | Reached skill level 10 in Dodging
 12073 | D:11     | XOM: noise
 12401 | D:11     | XOM: mild Hex miscast
 12589 | D:12     | XOM: enchant monster (bad)
 12589 | D:12     | Was forgiven by Xom
 12668 | D:12     | Reached XP level 12. HP: 41/76 MP: 19/19
 12677 | D:12     | Reached skill level 10 in Evocations
 13333 | D:12     | Noticed a seven-headed hydra
 13342 | D:12     | Reached skill level 5 in Fighting
 13371 | D:12     | Killed a seven-headed hydra
 13371 | D:12     | Received a gift from Okawaru
 13545 | D:10     | You paid a toll of a wand of heal wounds (9) to enter a treasure trove
 13546 | Trove    | Entered a treasure trove
 13575 | Trove    | Got a polished war axe
 13576 | Trove    | Identified the cursed +1 war axe of Mourning {pain, *Confuse rC+ rN+++ Stlth+} (You found it in a treasure trove)
 14478 | Lair:1   | Entered Level 1 of the Lair of Beasts
 14771 | Lair:1   | Noticed Urug
 14788 | Lair:1   | Killed Urug
 15246 | Lair:1   | Learned a level 3 spell: Regeneration
 15249 | Lair:1   | Learned a level 2 spell: Shroud of Golubria
 15906 | Lair:2   | HP: 2/78 [komodo dragon (16)]
 16390 | Lair:3   | Found a staircase to the Swamp.
 16413 | Lair:3   | Noticed a seven-headed hydra
 16499 | Lair:3   | Reached XP level 13. HP: 61/83 MP: 21/21
 16985 | Lair:3   | Received a gift from Okawaru
 16985 | Lair:3   | Reached skill level 13 in Stealth
 17071 | Lair:3   | Received a gift from Okawaru
 17285 | Lair:3   | Received a gift from Okawaru
 18943 | Lair:5   | Found a staircase to the Snake Pit.
 18969 | Lair:5   | Received a gift from Okawaru
 19343 | Lair:5   | Noticed Nessos
 19369 | Lair:5   | Killed Nessos
 19870 | Lair:6   | Found a shimmering altar of Xom.
 20462 | Lair:6   | Reached XP level 14. HP: 85/90 MP: 23/23
 20867 | Lair:7   | Noticed Snorg
 20992 | Lair:7   | Reached ****** piety under Okawaru
 21086 | Lair:7   | Received a gift from Okawaru
 21483 | Lair:8   | Entered Level 8 of the Lair of Beasts
 22002 | Lair:8   | Reached skill level 10 in Slings
 22094 | Lair:8   | Received a gift from Okawaru
 22123 | Lair:8   | Reached skill level 10 in Shields
 22359 | Lair:8   | Learned a level 6 spell: Deflect Missiles
 22456 | Lair:8   | Found a viscous altar of Jiyva.
 22457 | Lair:8   | Found a staircase to the Slime Pits.
 22641 | Lair:8   | Received a gift from Okawaru
 23223 | Lair:8   | HP: 1/92 [catoblepas (6)]
 23225 | Lair:8   | Splashed with acid

Vault maps used:
D:1:      matt_arrival_refuge, grunt_decor_mini_mirrors
D:2:      uniq_robin
D:3:      kiku_gazebo_garden_becter, lemuel_crystal_altar, first_bread,
          kennysheep_generic_room_2
D:4:      uniq_eustachio, uniq_edmund, uniq_crazy_yiuf_cottage
D:5:      kennysheep_windowed_halls, grunt_temple_overflow_gold_and_silver,
          portal_sewer_entry_c, trog_wizard
D:6:      minmay_misc_feat_columns, minmay_holes
D:7:      minmay_temple_entry_statues_pillars, gup_ossuary_entry_pyramid
D:8:      kennysheep_mini_moat, uniq_prince_ribbit1
D:9:      lemuel_round_altar, nicolae_overflow_hidden_temple, uniq_erolcha
D:10:     zombieorc2_lemuel, serial_shops, shop_statue,
          nicolae_trove_entry_crossroad, special_room
D:11:     lair_0_dummy, david_nohive_1
D:13:     hangedman_vaults_entry_quadrant_bands, minmay_misc_feat_tiny,
          nicolae_ru_awakened_eye
Temple:   circular_temple_12
Lair:1:   nicolae_quartered_pool_little, grunt_megastairs_3, uniq_urug
Lair:2:   lemuel_fruit_tree, serial_bayou_shore_b, serial_bayou_shore_b
Lair:3:   minmay_swamp_entry_worms, serial_bayou_shore_b
Lair:4:   special_room, grunt_megastairs_1
Lair:5:   guppyfry_snake_entry_island, minivault_19, uniq_nessos
Lair:6:   kb_xom_exploding_sheep
Lair:7:   serial_bayou_shore_a, grunt_megastairs_2, uniq_snorg
Lair:8:   grunt_lair_end_beastmaster, dpeg_slime_entry_enclosed_altar,
          serial_bayou_shore_b
Trove:    trove_simple
Sewer:    sewer_co_scattered_pipes
Ossuary:  ossuary_minmay_tomb_2a

Action                   |  1- 3 |  4- 6 |  7- 9 | 10-12 | 13-15 || total
-------------------------+-------+-------+-------+-------+-------++-------
Melee: Short sword       |    67 |    89 |    25 |    22 |       ||   203
       Quarterstaff      |       |       |    75 |       |       ||    75
       Spear             |       |       |   413 |   615 |   270 ||  1298
       War axe           |       |       |       |   262 |   301 ||   563
 Fire: Hunting sling     |       |       |       |    98 |   331 ||   429
       Blowgun           |       |       |       |    77 |   221 ||   298
       Greatsling        |       |       |       |       |    90 ||    90
Invok: Heroism           |       |       |       |     8 |     2 ||    10
Evoke: Wand              |     2 |    19 |    38 |    63 |    30 ||   152
       Disc of storms    |       |       |       |     2 |       ||     2
       Sack of spiders   |       |       |       |       |     1 ||     1
  Use: Potion            |       |     6 |     3 |    17 |     3 ||    29
       Scroll            |       |     8 |     6 |    23 |     8 ||    45
 Stab: Sleeping          |    11 |     2 |    40 |    25 |    32 ||   110
       Distracted        |     1 |       |     9 |     9 |     5 ||    24
       Paralysed         |       |       |     3 |    16 |       ||    19
       Confused          |       |       |       |     3 |    18 ||    21
  Eat: Chunk             |       |     4 |    10 |    20 |    19 ||    53
       Meat ration       |       |       |     2 |     1 |       ||     3
       Pizza             |       |       |       |     1 |     1 ||     2
       Beef jerky        |       |       |       |     1 |     1 ||     2
